 Dungeon Crawl Stone Soup version 0.29.1-15-g9cfb28693d (webtiles) character file.

Game seed: 11873369017391632418

3943 croobank the Firebug (level 10, -4/65 HPs)
             Began as a Demonspawn Fire Elementalist on Apr 23, 2023.
             Was a Believer of Hepliaklqana.
             Slain by an orc warrior
             ... wielding a +0 hand axe
              (13 damage)
             ... on level 9 of the Dungeon.
             The game lasted 00:25:50 (11168 turns).

croobank the Firebug (DsFE)                        Turns: 11168, Time: 00:25:50

Health: -4/65      AC:  4    Str:  9    XL:     10   Next: 1%
Magic:  2/17       EV: 13    Int: 20    God:    Hepliaklqana [**....]
Gold:   181        SH:  0    Dex: 14    Spells: 12/18 levels left

rFire   + . .      SeeInvis +   a - +4 short sword (venom)
rCold   . . .      Faith    .   (no shield)
rNeg    . . .      Spirit   .   M - +1 leather armour {rPois}
rPois   +          Reflect  .   (no helmet)
rElec   .          Harm     .   (no cloak)
rCorr   .          Rampage  .   (no gloves)
Will    .....                   (no boots)
Stlth   +++.......              (no amulet)
HPRegen 0.20/turn               w - ring of see invisible
MPRegen 0.15/turn               o - ring of protection from fire

@: mighty, studying Ranged Weapons
A: reduced essence, foul stench 2, demonic magic 3, demonic touch 1
a: Renounce Religion, Recall Ancestor, Ancestor Identity


You were on level 9 of the Dungeon.
You worshipped Hepliaklqana.
Hepliaklqana was pleased with you.
You visited 2 branches of the dungeon, and saw 10 of its levels.
You also visited: Sewer.

You collected 439 gold pieces.
You spent 258 gold pieces at shops.

Inventory:

Hand Weapons
 a - a +4 short sword of venom (weapon)
 b - a +0 sling of flaming
 e - a +1 vampiric dagger
 y - the +4 dagger "Gaypt" {antimagic, rPois}
   (You bought it in a shop on level 1 of the Dungeon)

   It reduces the magical energy of the wielder, and disrupts the spells and
   magical abilities of those it strikes.
   Natural abilities and divine invocations are not affected.
   rPois:     It protects you from poison.
 B - a +2 flail of draining
 O - a +0 long sword
Missiles
 d - 18 poisoned darts (quivered)
 D - 2 silver boomerangs
 L - 2 throwing nets
Armour
 g - a +0 robe
 p - the +1 leather armour "Gevotap" {-Cast rElec rPois rN+++}
   (You found it on level 4 of the Dungeon)

   rElec:     It insulates you from electricity.
   rPois:     It protects you from poison.
   rN:        It renders you almost immune to negative energy.
   -Cast:     It prevents spellcasting.
 C - a +0 leather armour
 M - a +1 leather armour of poison resistance (worn)
Magical Staves
 x - a staff of fire
Jewellery
 j - a ring of willpower
 o - a ring of protection from fire (right hand)
 r - an amulet of the acrobat
 w - a ring of see invisible (left hand)
 I - a +6 ring of intelligence
Wands
 A - a wand of quicksilver (9)
 E - a wand of iceblast (14)
 H - a wand of flame (39)
 J - a wand of mindburst (15)
Scrolls
 c - 2 scrolls of teleportation
 h - a scroll of fear
 n - a scroll of poison
 u - a scroll of butterflies
 v - 2 scrolls of identify
 G - a scroll of magic mapping
 K - a scroll of immolation
Potions
 f - a potion of flight
 i - 6 potions of curing
 k - 3 potions of magic
 l - a potion of might
 m - 2 potions of ambrosia
 q - a potion of lignification
 s - a potion of resistance
 t - 3 potions of attraction
 z - a potion of heal wounds
 F - a potion of haste
 N - a potion of mutation {unknown}


   Skills:
 * Level 4.8 Fighting
 * Level 4.0 Short Blades
 + Level 3.8 Ranged Weapons
 + Level 1.2 Armour
 * Level 4.5 Dodging
 * Level 5.0 Stealth
 * Level 4.7 Spellcasting
 * Level 4.8 Conjurations
 * Level 3.8 Hexes
 * Level 5.1 Fire Magic
 * Level 5.0 Invocations


You had 12 spell levels left.
You knew the following spells:

 Your Spells              Type           Power      Damage    Failure   Level
a - Foxfire               Conj/Fire      96%        2x1d8     1%          1
b - Scorch                Fire           50%        2d8       3%          2
c - Inner Flame           Hex/Fire       22%        N/A       8%          3

Your spell library contained the following spells:

 Spells                   Type           Power      Damage    Failure   Level
 Shock                    Conj/Air       56%        1d6       6%          1
 Conjure Flame            Conj/Fire      24%        6-21      6%          3
 Confusing Touch          Hex            20%        N/A       10%         3
 Stone Arrow              Conj/Erth      28%        3d8       19%         3
 Flame Wave               Conj/Fire      24%        2d8       21%         4
 Portal Projectile        Hex/Tloc       24%        N/A       22%         3
 Call Canine Familiar     Summ           4%         N/A       43%         3
 Swiftness                Air            4%         N/A       43%         3
 Leda's Liquefaction      Hex/Erth       6%         N/A       58%         4
 Airstrike                Air            2%         2d(1-17)  85%         4
 Animate Armour           Summ/Erth      8%         N/A       85%         4
 Yara's Violent Unravell  Hex/Tmut       6%         3d5       90%         5
 Enfeeble                 Hex            10%        N/A       100%        7
 Lehudib's Crystal Spear  Conj/Erth      7%         10d3      100%        8


Dungeon Overview and Level Annotations

Branches:
Dungeon (9/15)             Temple (1/1) D:5           Sewer (visited)
   Lair: D:8-11         Orc: D:9-12

Altars:
Ashenzari
Cheibriados
Dithmenos
Fedhas
Gozag
Hepliaklqana
Kikubaaqudgha
Makhleb
Nemelex Xobeh
Qazlal
Ru
Sif Muna
Trog
Uskayaw
Vehumet
Wu Jian
Xom
Yredelemnul

Shops:
D:1 :*!   D:2 (

Annotations:
D:4 Robin


Innate Abilities, Weirdness & Mutations

Your life essence is reduced to manifest your ancestor. (-10% HP)
You sometimes emit foul miasma when damaged in melee.
Spells you cast and wands you use may paralyse nearby enemies.
Your touch may inflict minor irresistible damage on your foes.


Message History

The orc warrior is lightly wounded.
The orc warrior's fire resistance burns away.
Malevolent energies surge around you.
The human suddenly stops moving!
The orc suddenly stops moving!
The orc warrior suddenly stops moving!
The orc priest suddenly stops moving!
Iltani hits the human with a +0 quarterstaff!
The human dies!
The orc hits you with a +0 flail.
You have reached level 10!
Iltani remembers more of her old skill.
Casting: Scorch (safe; 3% risk of failure)
Confirm with . or Enter, or press ? or * to list all spells.
Flames lash the orc.
The orc is severely wounded.
The orc's fire resistance burns away.
Malevolent energies surge around you.
The orc suddenly stops moving!
Iltani hits the orc with a +0 quarterstaff!!
The orc dies!
The helpless orc fails to defend itself.
You impale the orc!!
You kill the orc!
The orc warrior is no longer more vulnerable to fire.
Iltani casts a spell at the orc warrior.
The puff of frost hits the orc warrior.
The orc priest is no longer paralysed.
The orc warrior is no longer paralysed.
Iltani closely misses the orc warrior.
The warg bites you.
* * * LOW HITPOINT WARNING * * *
The orc warrior hits you with a +0 hand axe!
* * * LOW HITPOINT WARNING * * *
The orc warrior hits Iltani with a +0 hand axe!
You see here a +0 flail.
You hit the orc warrior.
The orc warrior is poisoned.
The orc warrior is moderately wounded.
The warg barely misses you.
Iltani hits the orc warrior with a +0 quarterstaff!
The warg attacks as you move away! The warg bites you.
* * * LOW HITPOINT WARNING * * *
Iltani barely misses the orc warrior.
The orc warrior hits you with a +0 hand axe!
You die...

..... #.............#
....##.............# .
#..................#
..##..................#
...............########
...............#
....)...#####..#
......)oh......#######
......)Ro@...........#
............>........#
#########............#
#............#
#..).........#
#............#
##############


You could see the friendly Iltani the battlemage, a warg, an orc warrior (very
poisoned, ally target) and an orc priest.

Vanquished Creatures
  Eustachio (D:6)
  A yak (D:8)
  A steam dragon (D:6)
  A water moccasin (D:6)
  Duvessa (D:5)
  An orc warrior (D:9)
  An ice beast (D:5)
  2 ogres
  2 centaurs
  2 phantoms
  A bullfrog (D:8)
  2 kobold brigands
  3 scorpions
  Dowan (D:5)
  7 killer bees
  A howler monkey (D:7)
  5 hounds
  2 gnoll boudas
  A jelly (D:5)
  An orc priest (D:6)
  2 iguanas (D:4)
  4 orc wizards
  A hell rat (Sewer)
  4 adders
  8 gnolls
  2 river rats (Sewer)
  2 white imps (D:7)
  An ufetubus (D:5)
  2 worms
  A dart slug (D:2)
  30 orcs
  6 endoplasms
  3 giant cockroaches
  12 goblins
  11 hobgoblins
  5 jackals (D:3)
  9 quokkas
  5 ball pythons
  5 bats
  4 frilled lizards
  11 kobolds
  11 rats
176 creatures vanquished.

Vanquished Creatures (collateral kills)
  Harold (D:9)
  A human (D:9)
  A water moccasin (D:7)
  A bullfrog (D:9)
  A killer bee (D:9)
  A howler monkey (D:7)
  2 hounds
  2 orc priests
  An adder (D:6)
  5 orcs
  2 kobolds (D:9)
18 creatures vanquished.

Vanquished Creatures (others)
  3 ancestors
  126 foxfires
  2 plants (D:1)
131 creatures vanquished.

Grand Total: 325 creatures vanquished

Notes
Turn   | Place    | Note
-------+----------+-------------------------------------------
     0 | D:1      | croobank the Demonspawn Fire Elementalist began the quest
                  | for the Orb.
     0 | D:1      | Reached XP level 1. HP: 13/13 MP: 3/3
    83 | D:1      | Found Enuzec's Assorted Antiques.
   101 | D:1      | Bought a scroll labelled JOMOMU CASUBRI for 16 gold pieces
   269 | D:1      | Gained mutation: You may rarely emit foul miasma when
                  | damaged in melee. [demonic ancestry]
   269 | D:1      | Reached XP level 2. HP: 17/19 MP: 5/5
   419 | D:1      | Found a faded altar of an unknown god.
   471 | D:1      | Learned a level 2 spell: Scorch
   486 | D:1      | Found Dapler's Book Shoppe.
   882 | D:1      | Found Tetoreu's Distillery.
  1037 | D:2      | Found Urov's Weapon Shop.
  1364 | D:2      | Reached XP level 3. HP: 25/25 MP: 6/6
  2064 | D:2      | Reached skill level 1 in Fighting
  2520 | D:3      | Found a glowing drain.
  2524 | Sewer    | Entered a sewer
  2668 | Sewer    | Gained mutation: Spells you cast may paralyse adjacent
                  | enemies. [demonic ancestry]
  2668 | Sewer    | Reached XP level 4. HP: 32/32 MP: 2/7
  3114 | D:3      | Found an ornate altar of the Wu Jian Council.
  3381 | D:3      | Reached skill level 1 in Short Blades
  3381 | D:3      | Reached XP level 5. HP: 27/37 MP: 8/8
  3698 | D:3      | Found a shadowy altar of Dithmenos.
  4264 | D:1      | Bought a translucent dagger for 112 gold pieces
  4264 | D:1      | Identified the +4 dagger "Gaypt" {antimagic, rPois} (You
                  | bought it in a shop on level 1 of the Dungeon)
  4490 | D:4      | Noticed Robin
  4814 | D:4      | Identified the +1 leather armour "Gevotap" {-Cast rElec
                  | rPois rN+++}
  4827 | D:4      | Gained mutation: Spells you cast may paralyse nearby
                  | enemies. [demonic ancestry]
  4827 | D:4      | Reached XP level 6. HP: 44/44 MP: 1/10
  5104 | D:4      | Reached skill level 1 in Ranged Weapons
  5429 | D:1      | Bought a potion of heal wounds for 50 gold pieces
  5643 | D:5      | Entered Level 5 of the Dungeon
  5654 | D:5      | Found a staircase to the Ecumenical Temple.
  5674 | Temple   | Entered the Ecumenical Temple
  5801 | Temple   | Became a worshipper of Hepliaklqana the Forgotten
  6075 | D:5      | Noticed Duvessa
  6081 | D:5      | Learned a level 3 spell: Inner Flame
  6083 | D:5      | Noticed Dowan
  6092 | D:5      | Killed Duvessa
  6096 | D:5      | Killed Dowan
  6097 | D:5      | Reached skill level 1 in Invocations
  6097 | D:5      | Gained mutation: You sometimes emit foul miasma when
                  | damaged in melee. [demonic ancestry]
  6097 | D:5      | Reached XP level 7. HP: 36/51 MP: 3/11
  6351 | D:5      | Reached skill level 1 in Hexes
  7189 | D:1      | Bought a potion of magic for 80 gold pieces
  7470 | D:5      | Gained mutation: Your touch may inflict minor irresistible
                  | damage on your foes. [demonic ancestry]
  7470 | D:5      | Reached XP level 8. HP: 51/58 MP: 13/13
  8316 | D:6      | Reached * piety under Hepliaklqana
  8720 | D:6      | Noticed Eustachio
  8728 | D:6      | Killed Eustachio
  9374 | D:7      | Found a bloodstained altar of Trog.
  9509 | D:7      | Gained mutation: Spells you cast and wands you use may
                  | paralyse nearby enemies. [demonic ancestry]
  9509 | D:7      | Reached XP level 9. HP: 22/58 MP: 6/15
 10146 | D:7      | Found a blossoming altar of Fedhas.
 10767 | D:9      | Reached ** piety under Hepliaklqana
 10768 | D:9      | Remembered your ancestor Iltani as a battlemage
 11142 | D:9      | Noticed Harold
 11156 | D:9      | Killed Harold
 11157 | D:9      | Reached skill level 1 in Armour
 11157 | D:9      | Reached skill level 5 in Stealth
 11157 | D:9      | Reached skill level 5 in Fire Magic
 11157 | D:9      | Reached skill level 5 in Invocations
 11164 | D:9      | Reached XP level 10. HP: 21/65 MP: 3/17
 11168 | D:9      | Slain by an orc warrior

Illustrated notes

Levels and vault maps discovered:
D:1:      ncdulo_wetmaze, layout_rooms, serial_shops, nicolae_shop_hallway_plus,
          nicolae_shop_trees, nicolae_shop_temple_entry_statues_fountains,
          shapermc_ecumenical_altar_flowoftime
D:2:      layout_basic, serial_shops, nicolae_shop_trees
D:3:      layout_loops_ring, mainiacjoe_overflow_24_doors,
          general_overflow_altar, gup_sewer_entry_spiral,
          kennysheep_pointless_box
D:4:      layout_loops_ring, uniq_robin
D:5:      layout_loops_corners, minmay_temple_entry_large_hall, uniq_duvessa
D:6:      layout_cave_pools, uniq_eustachio
D:7:      layout_basic, marbit_many_paths, mainiacjoe_overflow_six_doors_small
D:8:      gammafunk_beogh_shrine, layout_basic, kennysheep_okawaru_gauntlet
D:9:      layout_irregular_city, erik_orc_4, uniq_harold
Temple:   minmay_crystal_spiral_temple

Skill      XL: |  1  2  3  4  5  6  7  8  9 |
---------------+----------------------------+-----
Stealth        | 2 3 4 5 |  5.0
Dodging        | 2 3 4 |  4.5
Fighting       | 1 2 3 4 |  4.8
Fire Magic     | 3 4 5 |  5.1
Short Blades   | 1 2 3 4 |  4.0
Conjurations   | 2 3 4 |  4.8
Ranged Weapons | 1 2 3 |  3.8
Spellcasting   | 3 4 |  4.7
Invocations    | 1 2 3 5 |  5.0
Hexes          | 1 2 3 |  3.8
Armour         | 1 |  1.2

Action                   |  1- 3 |  4- 6 |  7- 9 | 10-12 || total
-------------------------+-------+-------+-------+-------++-------
Melee: Short sword       |    67 |    85 |   109 |     2 ||   263
       Punch             |     1 |       |     1 |       ||     2
       Touch             |       |       |    13 |       ||    13
 Fire: Sling             |       |       |    15 |       ||    15
 Cast: Foxfire           |    24 |    29 |    18 |       ||    71
       Scorch            |     3 |    26 |    89 |     1 ||   119
Invok: Ancestor Life: Ba |       |       |     1 |       ||     1
  Use: Scroll            |     2 |    12 |     7 |       ||    21
       Potion            |       |     1 |     2 |       ||     3
 Stab: Sleeping          |     5 |     3 |     1 |       ||     9
       Paralysed         |       |     8 |    24 |     1 ||    33
Armor: Robe              |     7 |    13 |    11 |       ||    31
       Leather armour    |       |       |     6 |       ||     6
Dodge: Dodged            |    39 |    52 |    96 |     1 ||   188
